 Dungeon Crawl Stone Soup version 0.31-a0-851-g7ff8af7976 (webtiles) character file.

Game seed: 10942432913145989474

79 Ethylacetat the Changeling (level 4, -3/23 HPs)
             Began as a Vine Stalker Shapeshifter on Oct 7, 2023.
             Slain by Natasha (6 damage)
             ... on level 2 of the Dungeon.
             The game lasted 00:02:06 (1636 turns).

Ethylacetat the Changeling (VSSh)                   Turns: 1636, Time: 00:02:07

Health: -3/23      AC:  2    Str: 19    XL:     4   Next: 38%
Magic:  0/5        EV: 12    Int: 10    God:
Gold:   37         SH:  0    Dex: 13    Spells: 3/3 levels left

rFire   . .          .
                       - Unarmed
rCold   . . .        (no shield)
rNeg    . . .        a - +0 animal skin
rPois   .            (helmet currently unavailable)
rElec   .            (cloak currently unavailable)
rCorr   .            (gloves currently unavailable)
SInv    .            (boots currently unavailable)
Will    .....        (no amulet)
Stlth   +            (no ring)
HPRegen 1.03/turn    (no ring)
MPRegen 0.09/turn

%: guardian spirit
@: beast-form
A: beast (slay +2), fangs 2, regeneration 1, magic shield, antimagic bite, no
potion heal 2
a: Begin Untransformation


You were on level 2 of the Dungeon.
You were a hulking beast.
You visited 1 branch of the dungeon, and saw 3 of its levels.

You collected 37 gold pieces.

Inventory:

Armour
 a - a +0 animal skin (worn)
Talismans
 c - a beast talisman (active)
 d - a flux talisman
Scrolls
 e - 2 scrolls of fog {unknown}
 h - 2 scrolls of silence {unknown}
 i - a scroll of enchant weapon {unknown}
 k - a scroll of torment {unknown}
 l - a scroll of identify {unknown}
Potions
 b - 4 potions of lignification
 f - 2 potions of magic {unknown}
 g - a potion of curing {unknown}
 j - 2 potions of mutation {unknown}


   Skills:
 + Level 1.7 Fighting
 + Level 2.1 Dodging
 + Level 3.5 Unarmed Combat
 * Level 3.7 Shapeshifting


You had 3 spell levels left.
You didn't know any spells.
Your spell library contained the following spells:

 Spells                   Type           Power      Damage    Failure   Level
 Static Discharge         Conj/Air       0%         2-2/arc   50%         2
 Summon Guardian Golem    Hex/Summ       0%         N/A       75%         3
 Airstrike                Air            0%         2d(0-16)  98%         4
 Summon Lightning Spire   Summ/Air       0%         N/A       98%         4
 Summon Forest            Summ/Tloc      0%         N/A       100%        5
 Eringya's Noxious Bog    Tmut/Pois      0%         4d6       100%        6
 Orb of Destruction       Conj           0%         9d5       100%        7
 Spellforged Servitor     Conj/Summ      0%         N/A       100%        7
 Summon Hydra             Summ           0%         N/A       100%        7


Dungeon Overview and Level Annotations

Branches:
Dungeon (3/15)

Altars:

Annotations:
D:2 Natasha
D:3 Grinder


Innate Abilities, Weirdness & Mutations

You are a hulking beast.
Your limbs bulge with bestial killing power. (Slay +2)
You have extremely sharp teeth.
Your natural rate of healing is unusually fast.
When hurt, damage is shared between your health and your magic reserves.
Your bite disrupts and absorbs the magic of your enemies.
Potions cannot restore your health.


Message History

The orc barely misses you.
Unknown command.
You hit the orc but do no damage.
The orc is moderately wounded.
Natasha mumbles some strange words.
The orc hits you with a +2 flail of protection.
You hit the orc but do no damage. You bite the orc, but do no damage.
The orc is moderately wounded.
The orc barely misses you.
Unknown command.
You closely miss the orc.
The orc is moderately wounded.
The cerulean imp hits you from afar with a +2 spear.
The orc hits you with a +2 flail of protection.
Unknown command.
You hit the orc.
The orc is severely wounded.
The cerulean imp hits you but does no damage.
The orc misses you.
The cerulean imp hits you from afar with a +1 spear.
The cerulean imp hits you from afar with a +2 spear.
Natasha claws you!
The orc hits you with a +2 flail of protection.
The cerulean imp hits you from afar with a +1 spear.
* * * LOW HITPOINT WARNING * * *
You climb upwards.
The cerulean imp disappears in a puff of smoke! x2
There is a stone staircase leading down here.
You barely miss Natasha. You bite Natasha.
Natasha's magic leaks into the air.
You drain her magic.
You feel invigorated.
Natasha is moderately wounded.
Natasha claws you.
* * * LOW HITPOINT WARNING * * *
The orc hits you with a +2 flail of protection.
* * * LOW HITPOINT WARNING * * *
You hit the orc but do no damage.
The orc is severely wounded.
Natasha claws you!
You die...
Natasha begins licking her fur clean.

#.........######.#####....# #..
#.....รท...## #.........## #..
..#######..##########..###### #..
#########..........##.......###..
#.........#####...............
#...........###.###...........
#...............# #....[......
#........###.h..###......####.
####...........oh.))........# #.
............................# #.
............................# #.
.....############......###### #.
.....# ######## #. ###### ## # #
#


You could see Natasha (magic disrupted) and an orc.

Vanquished Creatures
  2 adders
  2 worms
  7 ball pythons
  5 endoplasms
  4 goblins
  10 hobgoblins
  6 kobolds
  2 quokkas
  7 bats
  A frilled lizard (D:1)
  3 rats
49 creatures vanquished.

Notes
Turn   | Place    | Note
-------+----------+-------------------------------------------
     0 | D:1      | Ethylacetat the Vine Stalker Shapeshifter began the quest
                  | for the Orb.
     0 | D:1      | Reached XP level 1. HP: 9/9 MP: 2/2
    70 | D:1      | Reached skill level 1 in Fighting
   110 | D:1      | Found a faded altar of an unknown god.
   148 | D:1      | Reached XP level 2. HP: 14/14 MP: 3/3
   469 | D:1      | Reached XP level 3. HP: 18/18 MP: 4/4
  1123 | D:2      | Reached XP level 4. HP: 22/22 MP: 5/5
  1606 | D:3      | Noticed Natasha
  1615 | D:3      | Noticed Grinder
  1636 | D:2      | Slain by Natasha

Illustrated notes

Levels and vault maps discovered:
D:1:      co_arrival_square_in_a_square_in_a_square, layout_loops_ring,
          ebering_ecumenical_altar_box, nicolae_kite_square_tiling_tiny,
          solitary_fountain, grunt_decor_clamped, nicolae_wormholes
D:2:      minmay_evil_eye, layout_basic
D:3:      kennysheep_six_static_rooms, layout_basic, vehumet_crystals,
          uniq_natasha, uniq_grinder

Skill      XL: |  1  2  3 |
---------------+----------+-----
Fighting       | 1 |  1.7
Dodging        | 2 |  2.1
Unarmed Combat | |  3.5
Shapeshifting  | |  3.7

Action                     |  1- 3 |  4- 6 || total
---------------------------+-------+-------++-------
  Melee: Unarmed           |    97 |    37 ||   134
         Bite              |    13 |     8 ||    21
         Punch             |     1 |       ||     1
   Stab: Sleeping          |     1 |     2 ||     3
 Armour: Animal skin       |    37 |    31 ||    68
  Dodge: Dodged            |    54 |    22 ||    76

Table legend: (Time is in decaauts)
 A = Elapsed time spent in this place.
 B = Non-inter-level travel time spent in this place.
 C = Inter-level travel time spent in this place.
 D = Time resting spent in this place.
 E = Time spent auto-exploring this place.
 F = Levels seen in this place.
 G = Mean time per level.
                   A        B        C        D        E       F      G
               +--------+--------+--------+--------+--------+-----+--------+
         Total |   1628 |   1564 |     64 |      8 |   1235 |   3 |  542.7 |
       Dungeon |   1628 |   1564 |     64 |      8 |   1235 |   3 |  542.7 |
               +--------+--------+--------+--------+--------+-----+--------+

Top non-repeatable levels by time:
     D:1: 853 daAuts
     D:2: 636 daAuts
     D:3: 139 daAuts
